Map: Orbital Shipyard

Players

ILLBdA - Winner!

  • Race: Protoss Protoss
  • League: Diamond

루모

  • Race: Terran Terran
  • League: Diamond

VOD

Have the link to the VOD?

Description

Time

  • Played on: Dec. 15, 2015, 9:59 p.m.
  • Length: 9:29
Show
View Real Time Build Order
Export as new Build Order

ILLBdA Protoss - Winner!

Build Orders: Oracle Opening 

Get SALT Encoding   

  12  0:01  Probe (Chrono Boost)  
  13  0:12  Probe (Chrono Boost)  
  14  0:18  Pylon  
  14  0:22  Probe (Chrono Boost)  
  15  0:36  Probe (Chrono Boost)  
  15  0:41  Gateway  
  16  0:47  Probe (Chrono Boost)  
  16  0:48  Assimilator  
  17  0:52  Assimilator  
  17  0:57  Probe (Chrono Boost)  
  18  1:05  Pylon  
  18  1:08  Probe (Chrono Boost)  
  20  1:18  Probe (Chrono Boost)  
  20  1:28  Cybernetics Core  
  20  1:29  Probe (Chrono Boost)  
  21  1:38  Pylon  
  21  1:39  Probe (Chrono Boost)  
  22  1:50  Probe (Chrono Boost)  
  24  2:06  Adept (Chrono Boost)  
  26  2:09  Mothership Core  
  27  2:19  Stargate, Warp Gate  
  27  2:29  Gateway  
  29  2:30  Adept (Chrono Boost)  
  29  2:46  Probe  
  29  2:50  Gateway  
  30  2:59  Probe  
  31  3:10  Oracle (Chrono Boost)  
  34  3:19  Pylon  
  32  3:20  Pylon  
  32  3:25  Pylon  
  32  3:41  Robotics Facility  
  32  3:48  Oracle (Chrono Boost)  
  33  4:05  Pylon x2  
  33  4:22  Void Ray (Chrono Boost)  
  37  4:26  Zealot x2  
  37  4:27  Zealot  
  43  4:35  Observer  
  39  4:55  Stalker x2  
  39  4:56  Stalker  
  45  5:04  Observer  
  44  5:28  Stalker x2  
  48  5:42  Nexus  
  48  5:43  Pylon  
  34  6:21  Void Ray (Chrono Boost)  
  38  6:26  Immortal (Chrono Boost)  
  38  6:27  Zealot  
  38  6:28  Zealot x2  
  48  6:42  Probe  
  49  6:51  Stalker x3  
  49  7:10  Void Ray  
  49  7:12  Probe  
  49  7:14  Probe  
  55  7:23  Probe  
  55  7:26  Probe  
  57  7:34  Probe  
  58  7:38  Adept x3  
  60  8:11  Zealot x3  
  66  8:18  Probe x2  
  66  8:21  Pylon  
  66  8:23  Gateway  
  66  8:26  Gateway  
  66  8:27  Pylon  
  66  8:28  Immortal (Chrono Boost)  
  70  8:34  Sentry x2  
  70  8:35  Sentry  
  66  9:03  Stalker x3  
  60  9:25  Zealot x2  
  60  9:26  Zealot  
Show
View Real Time Build Order
Export as new Build Order

루모 Terran 

Build Orders: Command Center First (CC) 

Get SALT Encoding   

  12  0:01  SCV  
  13  0:13  SCV  
  14  0:18  Supply Depot  
  14  0:25  SCV  
  15  0:40  SCV  
  16  0:52  SCV  
  17  0:59  Command Center  
  18  1:04  SCV  
  18  1:13  Barracks  
  18  1:16  SCV  
  19  1:21  Refinery  
  19  1:28  SCV  
  20  1:38  Barracks  
  20  1:40  SCV  
  21  1:52  SCV  
  22  2:00  Marine  
  23  2:05  Orbital Command  
  23  2:11  Orbital Command  
  23  2:19  Ghost Academy  
  23  2:24  Refinery  
  23  2:25  Barracks Tech Lab  
  23  2:28  Barracks Tech Lab  
  23  2:33  SCV  
  23  2:36  SCV  
  25  2:45  SCV  
  25  2:49  SCV  
  27  2:54  Engineering Bay  
  27  2:57  SCV, Ghost  
  28  3:18  SCV  
  28  3:19  SCV  
  27  3:27  Ghost  
  27  3:28  Supply Depot  
  27  3:31  SCV x2  
  31  3:36  Missile Turret  
  31  3:50  Supply Depot  
  31  3:59  SCV x2  
  33  4:11  Bunker  
  33  4:18  SCV  
  33  4:21  Factory  
  33  4:22  Missile Turret  
  33  4:23  SCV  
  35  4:24  Ghost  
  35  4:27  Barracks Tech Lab  
  35  4:30  SCV  
  38  4:35  Supply Depot, SCV  
  39  4:55  Ghost  
  41  5:07  Ghost  
  41  5:14  SCV x2  
  43  5:33  Widow Mine  
  43  5:34  SCV x2  
  47  5:39  Barracks Tech Lab, Refinery  
  47  5:40  Refinery  
  47  5:42  Barracks x2  
  47  5:44  Barracks  
  47  5:47  SCV x2, Marauder  
  51  5:59  SCV  
  51  6:00  SCV  
  41  6:23  SCV x2  
  41  6:30  Nuke  
  41  6:34  Stimpack  
  39  6:44  Barracks Tech Lab x2  
  39  6:45  SCV x2  
  41  6:49  Barracks Tech Lab  
  41  6:51  Command Center  
  41  6:57  SCV x2  
  43  7:12  Widow Mine  
  43  7:13  SCV x2  
  47  7:19  Marauder  
  49  7:25  SCV x2  
  49  7:33  Barracks Tech Lab  
  49  7:34  Marauder x2  
  53  7:37  SCV  
  53  7:40  Starport  
  53  7:42  Widow Mine  
  53  7:43  SCV, Marauder  
  59  7:50  SCV  
  60  7:55  SCV  
  56  8:06  Marauder  
  57  8:19  Marauder  
  60  8:20  Marauder  
  60  8:21  Marauder  
  60  8:23  Marine  
  60  8:24  SCV x2  
  60  8:27  Marine  
  64  8:30  Concussive Shells  
  65  8:34  Medivac  
  65  8:35  Widow Mine  
  65  8:40  Marine  
  70  8:41  Missile Turret  
  70  8:45  Bunker  
  70  8:53  Supply Depot x2  
  70  8:54  Supply Depot  
  70  8:56  Marine  
  70  8:57  SCV x2, Marauder, Marine x2  
  70  8:58  Marine  
Tags
 
Add a new tag
Caveats
  • Supply blocks, unpowered buildings, or Contaminate may cause inaccurate times.
  • Supply counts are checked every 10 seconds.